 Dungeon Crawl Stone Soup version 0.28-a0-1404-g4df0f3684d (webtiles) character file.

Game seed: 18306574495129537391

23 HallandMoats the Skirmisher (level 3, 31/31 HPs)
             Began as a Ghoul Fighter on Jan 6, 2022.
             Was a Believer of Lugonu.
             Safely got out of the dungeon.
             The game lasted 00:00:44 (729 turns).

HallandMoats the Skirmisher (Ghoul Fighter)          Turns: 729, Time: 00:00:45

Health: 31/31      AC:  6    Str: 19    XL:     3   Next: 0%
Magic:  2/2        EV:  9    Int:  3    God:    Lugonu [**....]
Gold:   49         SH:  4    Dex: 10    Spells: 2/2 levels left

rFire   . . .      SeeInvis .   a - +0 war axe
rCold   + . .      Faith    .   c - +0 buckler
rNeg    + + +      Spirit   .   b - +0 scale mail
rPois   ∞          Reflect  .   (no helmet)
rElec   .          Harm     .   (no cloak)
rCorr   .          Rampage  .   (no gloves)
Will    .....                   (no boots)
Stlth   ..........              (no amulet)
HPRegen 0.10/turn               (no ring)
MPRegen 0.08/turn               (no ring)

@: no status effects
A: claws 1, cold resistance 1, negative energy resistance 3, inhibited
regeneration, torment resistance 2
a: Renounce Religion, Depart the Abyss, Bend Space


You escaped.
You worshipped Lugonu.
Lugonu was pleased with you.
You visited 1 branch of the dungeon, and saw 1 of its levels.

You collected 49 gold pieces.

Inventory:

Hand Weapons
 a - a +0 war axe (weapon)
Armour
 b - a +0 scale mail (worn)
 c - a +0 buckler (worn)
Scrolls
 e - a scroll of torment {unknown}
Potions
 d - a potion of might
 f - 2 potions of berserk rage {unknown}


   Skills:
 + Level 3.4 Fighting
 * Level 2.1 Axes
 * Level 2.9 Armour
 * Level 0.7 Dodging
 * Level 2.9 Shields
 + Level 0.5 Invocations


You had 2 spell levels left.
You didn't know any spells.
Your spell library was empty.

Dungeon Overview and Level Annotations

Branches:
Dungeon (1/15)

Altars:
Lugonu

Shops:
D:1 *


Innate Abilities, Weirdness & Mutations

You thrive by killing the living.
You are immune to poison.
You have sharp fingernails.
Your flesh is cold resistant. (rC+)
You are immune to negative energy. (rN+++)
You do not regenerate when monsters are visible.
You are immune to unholy pain and torment.


Message History

Found a faded altar of an unknown god.
The ball python hisses angrily.
The ball python barely misses you. x2; The ball python bites you.
The ball python grabs you. The ball python constricts you.
A ball python is nearby!
You hit the ball python.
You kill the ball python!
You feel better.
There is a fountain of clear blue water here.
You see here a giant cockroach corpse.
Found a stone staircase leading down.
No target in view!
There is a stone staircase leading down here.
An endoplasm comes into view.
The endoplasm quivers.
An endoplasm is nearby!
The endoplasm closely misses you.
An endoplasm is nearby!
You slash the endoplasm!
You kill the endoplasm!
You have reached level 3!
Your experience leads to an increase in your attributes!
Increase (S)trength, (I)ntelligence, or (D)exterity?
You feel agile. x2
Search for what [? for help]? altar
There is a dry fountain here.
There is a faded altar of an unknown god here.
You cannot tell which god this altar belongs to.
Convert to them anyway?
Lugonu accepts your prayer! Lugonu welcomes you!
You can now depart the Abyss.
You can now bend space around yourself.
There is a dry fountain here.
You see here a +0 rapier.
There is an open door here.
There is an open door here.
There is a shaft here.
There is an open door here.
There is a staircase leading out of the dungeon here.
Are you sure you want to leave the Dungeon?
This will make you lose the game!
You have escaped!

#.##..#............#>...........
#.#.#.##.#########...##.########
##.....(.............#......)#...
..........#####.##.##.#.........P
##.##..#........##.##.#...##.##.P
.......#..##........#.##.###.#..⌠
##.##.##..#...#####.#.##.# #.#..≈
##..#.##....###...#.#.##.# #....≈
##..#.#...###.'.@.#.#.##.# ####.≈
##..#...### #^#...#.#.##.# #.⌠
##..#..## #.#...#.#.##.# #.≈
#.....## #'#####.#.##.# #..
.....## #..#....#.##.# ### .....#
#..'....#.##.# # ....##
#..#......##.# # ...## #.
#'#####.####.# # ...# ..#
#.#...#......# #


There were no monsters in sight!

Vanquished Creatures
  A dart slug (D:1)
  4 endoplasms (D:1)
  2 giant cockroaches (D:1)
  A goblin (D:1)
  3 hobgoblins (D:1)
  2 ball pythons (D:1)
  A frilled lizard (D:1)
  4 kobolds (D:1)
  A rat (D:1)
19 creatures vanquished.

Notes
Turn   | Place    | Note
-------+----------+-------------------------------------------
     0 | D:1      | HallandMoats the Ghoul Fighter began the quest for the Orb.
     0 | D:1      | Reached XP level 1. HP: 19/19 MP: 0/0
   104 | D:1      | Found Weosif's Assorted Antiques.
   114 | D:1      | Reached XP level 2. HP: 24/26 MP: 1/1
   562 | D:1      | Found a faded altar of an unknown god.
   646 | D:1      | Reached XP level 3. HP: 31/31 MP: 2/2
   689 | D:1      | Prayed at the altar of an unknown god.
   689 | D:1      | Became a worshipper of Lugonu the Unformed
   689 | D:1      | Reached * piety under Lugonu
   689 | D:1      | Reached ** piety under Lugonu
   729 | D:$      | Safely got out of the dungeon.

Illustrated notes

Levels and vault maps discovered:
D:1:      arrival_zaba_pyramid, layout_loops_ring, serial_shops,
          nicolae_diamond_shop, shapermc_ecumenical_altar_acropolis,
          minmay_cut_off

Skill      XL: |  1  2 |
---------------+-------+-----
Axes           | 2 |  2.1
Fighting       | |  3.4
Armour         | |  2.9
Dodging        | |  0.7
Shields        | |  2.9
Invocations    | |  0.5

Action                   || total
-------------------------++-------
Melee: War axe           ||    44
Armor: Scale mail        ||    16
Dodge: Dodged            ||    17
Block: Buckler           ||     8

Table legend: (Time is in decaauts)
 A = Elapsed time spent in this place.
 B = Non-inter-level travel time spent in this place.
 C = Inter-level travel time spent in this place.
 D = Time resting spent in this place.
 E = Time spent auto-exploring this place.
 F = Levels seen in this place.
 G = Mean time per level.
                   A        B        C        D        E       F      G
               +--------+--------+--------+--------+--------+-----+--------+
         Total |    748 |    667 |     81 |      0 |    545 |   1 |  748.0 |
       Dungeon |    748 |    667 |     81 |      0 |    545 |   1 |  748.0 |
               +--------+--------+--------+--------+--------+-----+--------+

Top non-repeatable levels by time:
     D:1: 748 daAuts
